 Dungeon Crawl Stone Soup version 0.23.2-30-g0e89c35649 (webtiles) character file.

Game seed: 2845923945633520670

151 doot the Magician (level 5, -10/28 HPs)
             Began as a Deep Elf Wizard on June 18, 2019.
             Mangled by an ogre
             ... wielding a +0 giant club
              (15 damage)
             ... on level 4 of the Dungeon.
             The game lasted 00:08:22 (2872 turns).

doot the Magician (Deep Elf Wizard)                 Turns: 2872, Time: 00:08:23

Health: -10/28     AC:  2    Str:  4    XL:     5   Next: 11%
Magic:  0/15       EV: 13    Int: 24    God:
Gold:   81         SH:  0    Dex: 13    Spells: 3/16 levels left

rFire    . . .     SeeInvis .   h - +4 dagger
rCold    . . .     Gourm    +   (no shield)
rNeg     . . .     Faith    .   a - +0 robe
rPois    .         Spirit   .   b - +0 hat
rElec    .         Reflect  .   (no cloak)
rCorr    .         Harm     .   (no gloves)
MR       .....                  (no boots)
Stlth    ++........             c - amulet of the gourmand
HPRegen  0.09/turn              (no ring)
MPRegen  0.14/turn              (no ring)

@: very slightly contaminated
A: no striking features
a: no special abilities


You were on level 4 of the Dungeon.
You were hungry.

You visited 1 branch of the dungeon, and saw 4 of its levels.

You collected 81 gold pieces.

Inventory:

Hand Weapons
 g - a +0 short sword
 h - a +4 dagger (weapon)
Armour
 a - a +0 robe (worn)
 b - a +0 hat (worn)
Jewellery
 c - an amulet of the gourmand (around neck)
Wands
 k - a wand of enslavement (13)
Scrolls
 e - 3 scrolls of identify {unknown}
 f - 2 scrolls of fog {unknown}
 i - a scroll of teleportation {unknown}
 j - 2 scrolls of enchant weapon {unknown}
 l - a scroll of fear {unknown}
 m - a scroll of enchant armour {unknown}
 n - a scroll of magic mapping {unknown}
Potions
 o - a potion of flight {unknown}
Comestibles
 d - 7 rations


   Skills:
 + Level 0.2 Fighting
 + Level 1.5 Short Blades
 + Level 3.2 Dodging
 + Level 3.2 Stealth
 + Level 6.0 Spellcasting
 + Level 1.6 Conjurations
 + Level 2.0 Summonings
 + Level 1.1 Translocations


You had 3 spell levels left.
You knew the following spells:

 Your Spells              Type           Power        Failure   Level  Hunger
a - Magic Dart            Conj           ###.         4%          1    None
b - Blink                 Tloc           N/A          8%          2    None
c - Call Imp              Summ           ###.....     5%          2    None
d - Slow                  Hex            #.......     12%         2    None
e - Conjure Flame         Conj/Fire      ##......     17%         3    #......
f - Mephitic Cloud        Conj/Pois/Air  #.......     19%         3    #......

Your spell library contained the following spells:

 Spells                   Type           Power        Failure   Level  Hunger


Dungeon Overview and Level Annotations

Branches:
Dungeon (4/15)
 Temple: D:4-7

Altars:
Kikubaaqudgha
Nemelex Xobeh
Sif Muna
Zin


Message History

The ball explodes into a vile cloud!
The stinking cloud engulfs the ogre but does no damage.
The ogre is engulfed in noxious fumes.
You hit the ogre.
The ogre is lightly wounded.
The ogre is engulfed in blazing flames.
The ogre hits you with a +0 giant club!!
Ouch! That really hurt!
* * * LOW HITPOINT WARNING * * *
The ogre is engulfed in blazing flames.
Casting: Mephitic Cloud (safe; 19% risk of failure)
Confirm with . or Enter, or press ? or * to list all spells.
Aiming: Magic Dart (safe; 4% risk of failure)
Press: ? - help, Shift-Dir - straight line, f/p - ogre
Aim: an ogre, wielding a +0 giant club (almost dead)
The magic dart hits the ogre.
The ogre is almost dead.
The ogre hits you with a +0 giant club!
Ouch! That really hurt!
You die...

.......###..##.#
#.# .......#
##.##.# #O#
...)...#
#.##.###.#
.......#
#.##.#...#
.......#
#..#.#.###
########
##.#.#ยง##
#......#
##...O.# #(..@.#
#.>...# ####<##
###


You could see an ogre.

Vanquished Creatures
  A hound (D:4)
  A worker ant (D:4)
  2 adders
  A worm (D:3)
  2 leopard geckos
  2 ball pythons
  2 bats (D:2)
  5 giant cockroaches
  5 goblins
  3 hobgoblins
  2 jackals (D:3)
  9 frilled lizards
  5 kobolds
  8 rats
48 creatures vanquished.

Vanquished Creatures (collateral kills)
  A bullfrog skeleton (D:2)
  An adder (D:2)
  4 worms
  An orc (D:3)
  A quokka (D:3)
  A rat (D:2)
9 creatures vanquished.

Grand Total: 57 creatures vanquished

Notes
Turn   | Place    | Note
-------+----------+-------------------------------------------
     0 | D:1      | doot the Deep Elf Wizard began the quest for the Orb.
     0 | D:1      | Reached XP level 1. HP: 10/10 MP: 7/7
   177 | D:1      | Reached XP level 2. HP: 15/15 MP: 6/9
   233 | D:1      | You fall through a shaft!
   246 | D:2      | Reached skill level 5 in Spellcasting
   254 | D:2      | Learned a level 2 spell: Blink
   257 | D:2      | Learned a level 2 spell: Call Imp
   260 | D:2      | Learned a level 2 spell: Slow
   685 | D:2      | Reached XP level 3. HP: 19/19 MP: 7/11
   812 | D:2      | Found a glowing silver altar of Zin.
  1110 | D:2      | Reached skill level 1 in Short Blades
  1273 | D:2      | Learned a level 3 spell: Conjure Flame
  1281 | D:2      | Learned a level 3 spell: Mephitic Cloud
  1559 | D:3      | Reached XP level 4. HP: 20/24 MP: 9/13
  2563 | D:4      | Found a deep blue altar of Sif Muna.
  2563 | D:4      | Found a sparkling altar of Nemelex Xobeh.
  2563 | D:4      | Found an ancient bone altar of Kikubaaqudgha.
  2650 | D:4      | Reached skill level 6 in Spellcasting
  2650 | D:4      | Reached XP level 5. HP: 15/28 MP: 4/15
  2808 | D:4      | Noticed an ogre
  2872 | D:4      | Mangled by an ogre

Skill      XL: |  1  2  3  4 |
---------------+-------------+-----
Spellcasting   | 5 6 |  6.0
Dodging        | 3 |  3.2
Short Blades   | 1 |  1.5
Stealth        | 3 |  3.2
Summonings     | 2 |  2.0
Fighting       | |  0.2
Conjurations   | |  1.6
Translocations | |  1.1

Action                   |  1- 3 |  4- 6 || total
-------------------------+-------+-------++-------
Melee: Dagger            |    54 |    14 ||    68
 Cast: Magic Dart        |    47 |    37 ||    84
       Call Imp          |    12 |     6 ||    18
       Blink             |       |     3 ||     3
       Conjure Flame     |       |     3 ||     3
       Mephitic Cloud    |       |     2 ||     2
  Use: Potion            |       |     1 ||     1
 Stab: Sleeping          |     5 |     1 ||     6
  Eat: Chunk             |     2 |     4 ||     6
Armor: Robe              |     4 |       ||     4
Dodge: Dodged            |    48 |    15 ||    63
